 Dungeon Crawl Stone Soup version 0.27-a0-679-g77a6b55cf3 (webtiles) character file.

Game seed: 5885508974327595320

66557 ReteAZ the Scorcher (level 14, -2/93 HPs)
             Began as a Demigod Fire Elementalist on Mar 19, 2021.
             Slain by an alligator snapping turtle (47 damage)
             ... on level 1 of the Shoals.
             The game lasted 01:02:22 (31364 turns).

ReteAZ the Scorcher (Demigod Fire Elementalist)    Turns: 31364, Time: 01:02:23

Health: -2/93      AC: 14    Str: 14    XL:     14   Next: 40%
Magic:  19/39      EV: 20    Int: 32    God:
Gold:   1325       SH:  5    Dex: 18    Spells: 1/29 levels left

rFire    . . .     SeeInvis .   W - +9 demon whip (elec)
rCold    . . .     Faith    .   f - +0 buckler
rNeg     . . .     Spirit   .   Z - +2 robe {Will+}
rPois    .         Reflect  .   a - +1 helmet {Int+3}
rElec    .         Harm     .   m - +0 cloak
rCorr    .         Rampage  .   n - +0 pair of gloves "Baamn" {Stlth+}
Will     ++...                  u - +1 pair of boots
Stlth    +++.......             x - amulet of the Greedy {RegenMP Str+5}
HPRegen  0.25/turn              b - +4 ring of protection
MPRegen  0.51/turn              F - ring of magical power

@: no status effects
A: high mp 1, forlorn
a: no special abilities


You were on level 1 of the Shoals.
You visited 4 branches of the dungeon, and saw 20 of its levels.
You also visited: Ossuary and Bailey.

You collected 2037 gold pieces.
You spent 712 gold pieces at shops.

Inventory:

Hand Weapons
 Q - the +5 scythe "Finisher" {speed, eviscerate}
   (You found it on level 11 of the Dungeon)

   Attacks with this weapon are significantly faster.
 W - a +9 demon whip of electrocution (weapon)
Armour
 a - a +1 helmet of intelligence (worn)
 f - a +0 buckler (worn)
 m - a +0 cloak (worn)
 n - the +0 pair of gloves "Baamn" (worn) {Stlth+}
   (You found it on level 6 of the Lair of Beasts)

   It makes you more stealthy.
 u - a +1 pair of boots (worn)
 w - the +1 ring mail "Nokhatti" {rPois Regen+ Str-2}
   (You found it on level 5 of the Lair of Beasts)

   It affects your strength (-2).
   It protects you from poison.
   It increases your rate of regeneration.
 K - +0 gold dragon scales
 O - +0 acid dragon scales
 Z - a +2 robe of willpower (worn)
Jewellery
 b - a +4 ring of protection (right hand)
 x - the amulet of the Greedy (around neck) {RegenMP Str+5}
   (You bought it in a shop on level 2 of the Orcish Mines)

   [amulet of magic regeneration]

   It increases your magic regeneration.
   It affects your strength (+5).
 F - a ring of magical power (left hand)
 N - a ring of protection from cold
 R - a ring of positive energy
 S - a ring of protection from fire
Wands
 p - a wand of paralysis (8)
 q - a wand of acid (7)
 A - a wand of flame (41)
 I - a wand of iceblast (9)
 X - a wand of random effects (11)
 Y - a wand of charming (8)
Scrolls
 c - 11 scrolls of identify
 e - 6 scrolls of noise
 g - 2 scrolls of amnesia
 l - a scroll of enchant armour
 r - 2 scrolls of enchant weapon
 t - 8 scrolls of teleportation
 y - a scroll of immolation {unknown}
 z - a scroll of vulnerability {unknown}
 C - a scroll of holy word
 D - a scroll of fog {unknown}
 E - 2 scrolls of silence
 G - 3 scrolls of blinking
 L - a scroll of acquirement
 P - a scroll of summoning
Potions
 d - 3 potions of brilliance
 h - 6 potions of mutation {unknown}
 i - 6 potions of flight {unknown}
 j - a potion of resistance {unknown}
 k - 7 potions of curing
 o - 2 potions of berserk rage
 s - a potion of ambrosia {unknown}
 v - 3 potions of might {unknown}
 B - 5 potions of lignification {unknown}
 H - a potion of heal wounds
 J - 8 potions of magic {unknown}
 T - a potion of invisibility {unknown}
 U - a potion of haste
 V - a potion of degeneration {unknown}


   Skills:
 - Level 12.0 Dodging
 - Level 1.7 Stealth
 - Level 4.0 Shields
 - Level 8.0 Spellcasting
 - Level 8.0 Conjurations
 - Level 6.0 Translocations
 + Level 17.4 Fire Magic


You had one spell level left.
You knew the following spells:

 Your Spells              Type           Power      Damage    Failure   Level
a - Foxfire               Conj/Fire      100%       2x1d9     1%          1
b - Starburst             Conj/Fire      38%        8x6d11    3%          6
c - Sticky Flame          Conj/Fire      76%        2d9       1%          4
d - Fireball              Conj/Fire      38%        3d16      1%          5
e - Iskenderun's Mystic   Conj/Tloc      55%        2d12      1%          4
f - Ignition              Fire           45%        3d13      19%         8

Your spell library contained the following spells:

 Spells                   Type           Power      Damage    Failure   Level
 Magic Dart               Conj           100%       1d8       1%          1
 Summon Small Mammal      Summ           48%        N/A       3%          1
 Blink                    Tloc           N/A        N/A       1%          2
 Conjure Flame            Conj/Fire      76%        6-21      1%          3
 Ignite Poison            Fire/Tmut/Pois 50%        N/A       1%          3
 Inner Flame              Hex/Fire       62%        N/A       1%          3
 Mephitic Cloud           Conj/Pois/Air  29%        N/A       3%          3
 Call Imp                 Summ           12%        N/A       5%          2
 Slow                     Hex            12%        N/A       5%          2
 Call Canine Familiar     Summ           12%        N/A       11%         3
 Summon Guardian Golem    Hex/Summ       12%        N/A       11%         3
 Cause Fear               Hex            6%         N/A       36%         4
 Summon Ice Beast         Ice/Summ       12%        N/A       36%         4
 Summon Lightning Spire   Summ/Air       12%        N/A       36%         4
 Silence                  Hex/Air        6%         N/A       71%         5
 Yara's Violent Unravell  Hex/Tmut       6%         3d5       71%         5
 Discord                  Hex            6%         N/A       100%        8


Dungeon Overview and Level Annotations

Branches:
Dungeon (11/15)            Temple (0/1) D:7            Lair (6/6) D:9
 Shoals (1/4) Lair:4        Snake (0/4) Lair:2        Slime (0/5) Lair:6
    Orc (2/2) D:9             Elf (0/3) Orc:2       Ossuary (visited)
 Bailey (visited)

Shops:
Orc:2 [:=(

Annotations:
D:10 4 transporters, hemabe71's ghost, journeyman HuAr
Lair:6 1 runed translucent door


Innate Abilities, Weirdness & Mutations

Your attributes grow dramatically as you level up.
You have an increased reservoir of magic. (+10% MP)
You shall have no god before yourself.


Message History

The merfolk impaler is almost dead.
The snapping turtle hisses angrily.
Casting: Starburst (dangerous; 3% risk of failure)
Confirm with . or Enter, or press ? or * to list all spells.
Casting: Starburst (dangerous; 3% risk of failure)
Press: ? - help, Dir - look around, f - activate The bolt of fire misses the merfolk impaler.
The bolt of fire hits the snapping turtle!!
The snapping turtle is heavily wounded.
The merfolk impaler hits you from afar with a +2 demon trident of electrocution!
Casting: Starburst (dangerous; 3% risk of failure)
Confirm with . or Enter, or press ? or * to list all spells.
Casting: Starburst (dangerous; 3% risk of failure)
Press: ? - help, Dir - look around, f - activate The bolt of fire hits the merfolk impaler!!
You kill the merfolk impaler!
The bolt of fire hits the alligator snapping turtle!
The alligator snapping turtle is lightly wounded.
Really walk into that cloud of flame?
You are engulfed in blazing flames.
The snapping turtle closely misses you. The snapping turtle misses you.
You enter the shallow water.
Moving in this stuff is going to be slow.
The alligator snapping turtle is engulfed in blazing flames.
The snapping turtle is engulfed in blazing flames.
The alligator snapping turtle is engulfed in blazing flames.
The snapping turtle is engulfed in a forest fire.
The snapping turtle is engulfed in blazing flames.
The snapping turtle bites you from afar.
The alligator snapping turtle is engulfed in blazing flames.
The snapping turtle is engulfed in blazing flames.
Casting: Starburst (dangerous; 3% risk of failure)
Confirm with . or Enter, or press ? or * to list all spells.
Okay, then.
The snapping turtle barely misses you.
The alligator snapping turtle bites you from afar!!
The alligator snapping turtle bites you from afar!!!
Ouch! That really hurt!
You die...

≈≈≈≈≈.....###...≈≈≈≈≈≈≈
≈≈≈≈..#######....≈≈≈≈≈≈≈ ≈≈≈..##
#..###...≈.≈≈≈≈≈≈
≈≈...####..###.....≈≈≈≈≈≈
≈≈≈≈≈..............≈≈≈≈≈≈≈≈≈
≈≈≈≈(((.....)>.....≈≈≈≈≈≈≈≈≈≈
≈≈≈≈.........#..≈..≈≈≈≈≈≈≈≈≈≈≈≈≈≈
≈≈≈...#.<..###........≈≈≈≈≈≈≈≈≈≈≈
≈≈≈..###..## #..@..>..≈≈≈≈≈≈≈≈≈≈≈
≈≈≈..###†.####....t≈....≈≈≈≈≈≈≈≈≈
≈≈≈≈....(##...≈≈..t......≈≈≈≈≈≈≈≈
≈≈≈≈)....##...........≈...≈≈≈≈≈≈≈
≈≈≈≈..≈≈....≈.####............≈≈≈
≈≈≈≈..≈≈......#####.........[...≈
≈≈≈≈≈≈≈≈.....≈≈.###.......≈..(...
≈≈≈≈≈≈≈≈≈≈≈≈≈≈≈≈...≈≈≈≈≈≈≈≈......
≈≈≈≈≈≈≈≈≈≈≈≈≈≈≈≈≈######..........


You could see an alligator snapping turtle and a snapping turtle.

Vanquished Creatures
  An orc warlord (Orc:2)
  Josephine (Lair:4)
  A merfolk impaler (Shoals:1)
  3 catoblepae (Lair:6)
  A boulder beetle (D:11)
  5 hydras
  Erolcha (D:9)
  A merfolk aquamancer (Shoals:1)
  An orc high priest (Orc:2)
  A two-headed ogre (D:10)
  5 death yaks (Lair:6)
  A sea snake (Shoals:1)
  2 unseen horrors
  Pikel (D:5)
  6 orc sorcerers
  An orc knight (Bailey)
  4 manticores
  A cyclops (Orc:2)
  8 fauns (Shoals:1)
  A merfolk siren (Lair:4)
  5 elephants (Lair:6)
  8 black mambas
  A water nymph (Shoals:1)
  A torpor snail (Lair:4)
  9 cane toads
  6 komodo dragons
  A rime drake (Lair:4)
  7 trolls
  A merfolk (Shoals:1)
  4 dream sheep (Lair:6)
  2 wind drakes (Shoals:1)
  2 snapping turtles (Shoals:1)
  15 blink frogs
  Sigmund (D:3)
  2 water elementals (Shoals:1)
  10 wraiths
  2 wyverns
  A ynoxinul (D:9)
  5 basilisks
  70 yaks
  An acid dragon (D:9)
  2 soldier ants (D:10)
  12 wargs
  17 water moccasins
  13 orc warriors
  5 black bears
  3 ice beasts
  6 ogres
  8 wolves
  6 centaurs
  A lemure (D:5)
  A kobold brigand (D:7)
  2 phantoms
  4 elf zombies (Ossuary)
  26 bullfrogs
  2 gnoll sergeants
  6 scorpions
  A water moccasin skeleton (D:7)
  12 killer bees
  2 vampire bats (D:6)
  4 wights (D:10)
  An electric eel (Lair:6)
  8 howler monkeys
  7 centaur zombies
  A bullfrog zombie (D:10)
  7 hounds
  2 human zombies (Ossuary)
  4 jellies
  2 bullfrog skeletons
  8 orc priests
  3 centaur skeletons
  Jessica (D:2)
  3 iguanas
  37 orc wizards
  9 worker ants
  A killer bee zombie (D:5)
  A centaur simulacrum (D:7)
  2 hound zombies (D:5)
  A hound skeleton (D:7)
  3 mummies (Ossuary)
  A howler monkey zombie (D:11)
  22 gnolls
  17 adders
  A shadow imp (D:8)
  2 white imps
  3 ufetubi
  4 adder skeletons
  4 dart slugs
  2 worms
  3 leopard geckos
  87 orcs
  2 ball pythons
  8 bats
  4 bat skeletons (D:6)
  A bat zombie (D:6)
  7 giant cockroaches
  13 hobgoblins
  13 jackals
  21 kobolds
  5 quokkas
  8 frilled lizards
  13 goblins
  A jackal skeleton (D:9)
  12 rats
  A plant (Lair:6)
689 creatures vanquished.

Vanquished Creatures (collateral kills)
  A black mamba (Lair:5)
  23 foxfires
24 creatures vanquished.

Vanquished Creatures (others)
  2814 foxfires
  43 fungi
  65 plants
2922 creatures vanquished.

Grand Total: 3635 creatures vanquished

Notes
Turn   | Place    | Note
-------+----------+-------------------------------------------
     0 | D:1      | ReteAZ the Demigod Fire Elementalist began the quest for
                  | the Orb.
     0 | D:1      | Reached XP level 1. HP: 14/14 MP: 5/5
    67 | D:1      | Reached skill level 1 in Conjurations
   413 | D:1      | Reached skill level 3 in Fire Magic
   618 | D:1      | Reached XP level 2. HP: 20/20 MP: 4/7
  1248 | D:2      | Reached XP level 3. HP: 26/26 MP: 2/8
  1808 | D:2      | Reached XP level 4. HP: 33/33 MP: 5/10
  2256 | D:2      | Noticed Jessica
  2262 | D:2      | Killed Jessica
  2263 | D:2      | Reached skill level 4 in Fire Magic
  2900 | D:3      | Reached XP level 5. HP: 38/38 MP: 6/11
  3288 | D:3      | Noticed Sigmund
  3321 | D:3      | Killed Sigmund
  3322 | D:3      | Reached XP level 6. HP: 36/45 MP: 2/13
  3328 | D:3      | Learned a level 3 spell: Conjure Flame
  3577 | D:3      | Reached skill level 5 in Fire Magic
  4454 | D:5      | Entered Level 5 of the Dungeon
  4711 | D:5      | Reached XP level 7. HP: 43/50 MP: 15/15
  5148 | D:5      | Reached skill level 6 in Fire Magic
  5621 | D:5      | Noticed Pikel
  5632 | D:5      | Killed Pikel
  5633 | D:5      | Reached skill level 7 in Fire Magic
  5633 | D:5      | Reached XP level 8. HP: 43/57 MP: 10/18
  6452 | D:6      | Reached skill level 5 in Conjurations
  6504 | D:6      | Reached skill level 5 in Spellcasting
  6780 | D:6      | Reached skill level 8 in Fire Magic
  7232 | D:7      | Found a sand-covered staircase.
  7241 | Ossuary  | Entered an ossuary
  7602 | Ossuary  | Reached XP level 9. HP: 60/62 MP: 10/20
  7935 | D:7      | Reached skill level 9 in Fire Magic
  8140 | D:7      | Learned a level 4 spell: Sticky Flame
  8840 | D:7      | Found a staircase to the Ecumenical Temple.
  9593 | D:8      | Reached skill level 10 in Fire Magic
  9614 | D:8      | Found a flagged portal.
  9660 | Bailey   | Entered a bailey
 10160 | Bailey   | Noticed an orc knight
 10447 | Bailey   | Killed an orc knight
 10448 | Bailey   | Reached XP level 10. HP: 56/69 MP: 22/23
 10823 | D:8      | Learned a level 5 spell: Fireball
 11248 | D:9      | Identified Sif Muna's Catalogue of Conjuration
 11406 | D:9      | Noticed Erolcha
 11415 | D:9      | Killed Erolcha
 11537 | D:9      | Reached skill level 11 in Fire Magic
 12293 | D:9      | Found a staircase to the Orcish Mines.
 12398 | D:9      | Found a staircase to the Lair.
 12589 | D:10     | Entered Level 10 of the Dungeon
 12589 | D:10     | Noticed a two-headed ogre
 12596 | D:10     | Killed a two-headed ogre
 12597 | D:10     | Reached skill level 5 in Dodging
 12735 | D:10     | Killed an unseen horror
 13206 | D:10     | Reached XP level 11. HP: 73/74 MP: 27/27
 13689 | D:10     | Found a transporter.
 13726 | D:10     | Noticed a deep elf knight
 13732 | D:10     | Found a transporter.
 13736 | D:10     | Noticed hemabe71's ghost (journeyman HuAr)
 13777 | D:10     | Found a transporter.
 13812 | D:10     | Learned a level 4 spell: Iskenderun's Mystic Blast
 13979 | D:10     | Found a transporter.
 13995 | D:10     | Noticed a deep elf knight
 13997 | D:10     | Noticed a fire crab
 14553 | D:11     | Reached skill level 1 in Translocations
 14613 | D:11     | Killed an unseen horror
 14702 | D:11     | Noticed a boulder beetle
 14733 | D:11     | Killed a boulder beetle
 15900 | D:11     | Found the +5 scythe "Finisher" {speed, eviscerate}
 16169 | Lair:1   | Entered Level 1 of the Lair of Beasts
 16253 | Lair:1   | Reached skill level 10 in Dodging
 17394 | Lair:2   | Reached skill level 5 in Translocations
 17494 | Lair:2   | Found a staircase to the Snake Pit.
 17682 | Lair:2   | You fall into a shaft and drop 1 floor!
 17827 | Lair:3   | Noticed a five-headed hydra
 17833 | Lair:3   | Killed a five-headed hydra
 17834 | Lair:3   | Reached XP level 12. HP: 81/81 MP: 13/28
 19188 | Lair:2   | Reached skill level 12 in Fire Magic
 20719 | Lair:4   | Reached skill level 13 in Fire Magic
 20928 | Lair:4   | Found a staircase to the Shoals.
 21445 | Lair:4   | Noticed Josephine
 21450 | Lair:4   | Killed Josephine
 22167 | Lair:5   | Identified the +1 ring mail "Nokhatti" {rPois Regen+ Str-2}
 22189 | Lair:5   | Reached XP level 13. HP: 37/86 MP: 25/29
 22410 | Lair:5   | Reached skill level 14 in Fire Magic
 22483 | Lair:5   | Identified 3 scrolls of acquirement
 22483 | Lair:5   | Acquired a +1 helmet of intelligence
 22581 | Lair:5   | Found a dark tunnel.
 23629 | Lair:6   | Entered Level 6 of the Lair of Beasts
 23631 | Lair:6   | Found a runed translucent door.
 24036 | Lair:6   | Reached skill level 15 in Fire Magic
 24591 | Lair:6   | Found a staircase to the Slime Pits.
 25341 | Lair:6   | HP: 2/86 [death yak (18)]
 25611 | Lair:6   | Acquired a +4 demon whip of electrocution
 25825 | D:8      | Learned a level 6 spell: Starburst
 26089 | Lair:6   | Reached skill level 1 in Shields
 26543 | Lair:6   | Reached skill level 16 in Fire Magic
 26825 | Lair:6   | Identified the +0 pair of gloves "Baamn" {Stlth+}
 27047 | Orc:1    | Entered Level 1 of the Orcish Mines
 27638 | Orc:2    | Entered Level 2 of the Orcish Mines
 27661 | Orc:2    | Found a staircase to the Elven Halls.
 28311 | Orc:2    | Noticed an orc warlord
 28325 | Orc:2    | Reached XP level 14. HP: 66/93 MP: 19/30
 28602 | Orc:2    | Killed an orc warlord
 29399 | Orc:2    | Found Cotholih's Weapon Emporium.
 29399 | Orc:2    | Found Pyli's Jewellery Boutique.
 29528 | Orc:2    | Found Upu Zovo's Book Emporium.
 29528 | Orc:2    | Found Ateujer's Antique Armour Boutique.
 29554 | Orc:2    | Learned a level 8 spell: Ignition
 29586 | Orc:2    | Bought the amulet of the Greedy {RegenMP Str+5} for 712
                  | gold pieces
 30311 | Shoals:1 | Entered Level 1 of the Shoals
 30568 | Shoals:1 | Reached skill level 17 in Fire Magic
 31364 | Shoals:1 | Slain by an alligator snapping turtle

Illustrated notes

Levels and vault maps discovered:
D:1:      shiori_arrival_oz, layout_basic
D:2:      layout_rooms, marbit_many_paths, pdpol_wu_jian_five_deadly_venoms,
          grunt_ministairs_14, chequers_avenue, minmay_misc_feat_roman,
          uniq_jessica
D:3:      layout_loops_ring, chequers_temple_overflow_statue_of_worship,
          uniq_sigmund
D:4:      layout_rooms, overflow_temple_1_default
D:5:      layout_loops_ring, uniq_pikel
D:6:      layout_basic, xom_teletrap_fun, nicolae_ru_awakened_eye,
          kennysheep_vampire_church, lemuel_old_faithful
D:7:      nzn_winding_woodlands_small
          [nzn_winding_woodlands_5x15_pathside_ponds,
          nzn_winding_woodlands_center_diamonds,
          nzn_winding_woodlands_5x15_sawtooth], layout_basic,
          minmay_temple_entry_poolview, nicolae_ossuary_entry_ruins,
          minmay_misc_feat_four_crosses
D:8:      layout_gridville, lemuel_doored_altar, lemuel_coloured_pillars_altar,
          enter_bailey_3
D:9:      layout_irregular_city, nzn_overflow_gifts_of_might_and_magic,
          general_overflow_altar, kennysheep_little_box,
          grunt_lair_entry_orc_guard_hut, david_orc_5, uniq_erolcha
D:10:     gammafunk_wand_slinger, layout_irregular_city,
          gammafunk_ghost_stat_death
D:11:     layout_small_grid, minmay_guarded_unrand_finisher
Lair:1:   layout_roguey, grunt_forest_small_clearings
Lair:2:   layout_small_grid, dummy_snake_entry, basic_altar
Lair:3:   layout_regular_city, grunt_megastairs_1
Lair:4:   layout_cave_shapes, minmay_shoals_entry_lonely_mermaid, basic_altar,
          chequers_serial_rivers_micro_a, infiniplex_staircase_pool_2,
          uniq_josephine
Lair:5:   layout_concentric_octagons, lightli_volcano_entry_magma_tube,
          beast_lair_carwin_9
Lair:6:   evilmike_catoblepas_cave, layout_regular_city, slime_altar_2,
          lookout_lair_type
Shoals:1: cheibrodos_shoals_epimethial_gifts, layout_shoals, serial_shops,
          nicolae_shop_window_shopping, nicolae_island_escapes
Orc:1:    layout_diamond_mine, basic_altar, nicolae_orc_crystal_geode
Orc:2:    st_orc_town, layout_diamond_mine

Skill      XL: |  1  2  3  4  5  6  7  8  9 10 11 12 13 14 |
---------------+-------------------------------------------+-----
Conjurations   | 1 2 3 4 5 6 7 8 |  8.0
Fire Magic     | 3 4 5 7 8 10 11 13 16 17 | 17.4
Spellcasting   | 2 3 4 5 6 8 |  8.0
Dodging        | 7 11 12 | 12.0
Translocations | 5 6 |  6.0
Shields        | 4 |  4.0
Stealth        | |  1.7

Action                   |  1- 3 |  4- 6 |  7- 9 | 10-12 | 13-15 || total
-------------------------+-------+-------+-------+-------+-------++-------
Melee: Unarmed           |     1 |       |       |       |       ||     1
       Long sword        |    15 |    26 |   109 |    66 |       ||   216
       Halberd           |       |       |     7 |       |       ||     7
       Battleaxe         |       |       |       |    11 |       ||    11
       Scythe            |       |       |       |   120 |    79 ||   199
       Demon whip        |       |       |       |       |    57 ||    57
 Cast: Foxfire           |    88 |   110 |   436 |   716 |   364 ||  1714
       Conjure Flame     |       |     1 |     2 |       |       ||     3
       Sticky Flame      |       |       |    17 |    48 |    20 ||    85
       Fireball          |       |       |       |    33 |    40 ||    73
       Iskenderun's Myst |       |       |       |    30 |    25 ||    55
       Starburst         |       |       |       |       |    75 ||    75
Evoke: Wand              |       |       |       |     2 |       ||     2
  Use: Scroll            |       |       |       |     2 |    18 ||    20
       Potion            |       |       |       |       |     3 ||     3
 Stab: Sleeping          |     1 |       |     1 |     3 |       ||     5
Armor: Robe              |     7 |    18 |     4 |     4 |    62 ||    95
       Leather armour    |       |       |   109 |    10 |       ||   119
       Acid dragon scale |       |       |       |    93 |       ||    93
Dodge: Dodged            |    19 |    29 |   157 |   270 |   190 ||   665
Block: Buckler           |       |       |       |       |    20 ||    20
       Rpst.: Long sword |     6 |     8 |    46 |    30 |       ||    90

Table legend: (Time is in decaauts)
 A = Elapsed time spent in this place.
 B = Non-inter-level travel time spent in this place.
 C = Inter-level travel time spent in this place.
 D = Time resting spent in this place.
 E = Time spent auto-exploring this place.
 F = Levels seen in this place.
 G = Mean time per level.
                   A        B        C        D        E       F      G
               +--------+--------+--------+--------+--------+-----+--------+
         Total |  31625 |  30149 |   1476 |   4198 |  20587 |  22 | 1437.5 |
       Dungeon |  15009 |  14431 |    578 |   1167 |  10963 |  11 | 1364.5 |
          Lair |  11167 |  10344 |    823 |   1456 |   7197 |   6 | 1861.2 |
        Shoals |    838 |    838 |      0 |    396 |    202 |   1 |  838.0 |
  Orcish Mines |   3151 |   3078 |     73 |    690 |   1686 |   2 | 1575.5 |
       Ossuary |    555 |    555 |      0 |     93 |    314 |   1 |  555.0 |
        Bailey |    904 |    904 |      0 |    396 |    224 |   1 |  904.0 |
               +--------+--------+--------+--------+--------+-----+--------+

Top non-repeatable levels by time:
  Lair:6: 2692 daAuts
  Lair:4: 2350 daAuts
   Orc:2: 2026 daAuts
    D:11: 1834 daAuts
     D:9: 1743 daAuts
     D:7: 1704 daAuts
  Lair:2: 1701 daAuts
    D:10: 1669 daAuts
  Lair:3: 1621 daAuts
  Lair:5: 1572 daAuts
     D:5: 1450 daAuts
     D:2: 1448 daAuts
     D:1: 1237 daAuts
  Lair:1: 1230 daAuts
     D:3: 1158 daAuts
